 Dungeon Crawl Stone Soup version 0.31.0-12-g77e489cdc1 (webtiles) character file.

Game seed: 11827040893781880860

30 Doomgape the Trooper (level 3, 0/24 HPs)
             Began as a Gargoyle Fighter on Feb 18, 2024.
             Slain by Robin
             ... wielding a +0 spear
              (3 damage)
             ... on level 2 of the Dungeon.
             The game lasted 00:02:40 (783 turns).

Doomgape the Trooper (Gargoyle Fighter)              Turns: 783, Time: 00:02:40

Health: 0/24       AC: 10    Str: 21    XL:     3   Next: 18%
Magic:  3/3        EV:  9    Int:  8    God:
Gold:   64         SH:  4    Dex:  9    Spells: 2/2 levels left

rFire   . . .        a - +0 flail
rCold   . . .        c - +0 buckler
rNeg    + . .        b - +0 scale mail
rPois   ∞            (no helmet)
rElec   +            (no cloak)
rCorr   .            (no gloves)
SInv    .            (no boots)
Will    .....        (no amulet) Stlth
                     (no ring)
HPRegen 0.24/turn    (no ring)
MPRegen 0.08/turn

%: no passive effects
@: no status effects
A: sickness immunity, AC +3, negative energy resistance 1, electricity
resistance, torment resistance 1, petrification resistance
a: no special abilities


You were on level 2 of the Dungeon.
You visited 1 branch of the dungeon, and saw 2 of its levels.

You collected 64 gold pieces.

Inventory:

Hand Weapons
 a - a +0 flail (weapon)
Armour
 b - a +0 scale mail (worn)
 c - a +0 buckler (worn)
Scrolls
 e - a scroll of teleportation {unknown}
 f - 2 scrolls of identify {unknown}
Potions
 d - a potion of might
 g - a potion of berserk rage {unknown}
 h - 2 potions of curing {unknown}
 i - a potion of lignification {unknown}


   Skills:
 + Level 3.8 Fighting
 + Level 2.5 Maces & Flails
 + Level 3.8 Armour
 - Level 3.2 Shields


You had 2 spell levels left.
You didn't know any spells.
Your spell library was empty.

Dungeon Overview and Level Annotations

Branches:
Dungeon (2/15)

Altars:

Annotations:
D:2 Robin


Innate Abilities, Weirdness & Mutations

You are immune to sickness and miasma.
Your stone body is resilient. (AC +3)
You are immune to poison.
You resist negative energy. (rN+)
You are resistant to electric shocks. (rElec)
You are resistant to unholy torment.
You are immune to petrification.


Message History

Robin roars a battlecry!
The goblins go into a battle-frenzy!
The goblin hits you with a +0 club. x2; The goblin barely misses you.
You sock the goblin!
You kill the goblin!
The ribbon worm expels a string of sticky webbing.
The stream of webbing misses you.
The stream of webbing misses the goblin.
The goblin hits you but does no damage.
Unknown command.
You closely miss the goblin. You block the goblin's attack.
Unknown command.
You hit the goblin.
You kill the goblin!
The ribbon worm bites you but does no damage.
Robin hits you from afar with a +0 spear.
Unknown command.
Robin throws the goblin at you!
Things that are here:
a +0 club; a goblin corpse You hit the ribbon worm.
The ribbon worm is lightly wounded.
The goblin unwields a +0 sling.
The goblin wields a +0 dagger.
The goblin hits you with a +0 dagger.
* * * LOW HITPOINT WARNING * * *
The ribbon worm barely misses you.
Unknown command.
You closely miss the goblin. The goblin completely misses you.
The ribbon worm expels a string of sticky webbing.
The stream of webbing hits you but does no damage.
You are caught in a web!
The goblin closely misses you.
Unknown command.
You struggle to detach yourself from the web.
Robin hits you but does no damage. The goblin hits you with a +0 dagger.
* * * LOW HITPOINT WARNING * * *
The ribbon worm bites you but does no damage.
The web tears apart.
Robin hits you from afar with a +0 spear.
You die...
Robin calls out, "Let's celebrate!
Time for a feast!"

##.######.#.
#............#
#..######.##.# #..####
... #.....## #.#
#.###..### #.#
+........###.#
#..###.#..##.###########
............gggw@g......
######.#####.###########
...# #...#
####....g.....#
#....wg..#g# #.......g#
# #.....g.gg #.....g...#
#.........#


You could see a ribbon worm, Robin, a hobgoblin (strong) and 2 goblins.

Vanquished Creatures
  2 endoplasms (D:1)
  A giant cockroach (D:1)
  8 goblins
  3 hobgoblins
  3 jackals (D:1)
  3 ball pythons (D:1)
  A bat (D:1)
  A frilled lizard (D:2)
  2 kobolds (D:1)
  A rat (D:1)
25 creatures vanquished.

Notes
Turn   | Place    | Note
-------+----------+-------------------------------------------
     0 | D:1      | Doomgape the Gargoyle Fighter began the quest for the Orb.
     0 | D:1      | Reached XP level 1. HP: 14/14 MP: 1/1
   119 | D:1      | Reached XP level 2. HP: 19/19 MP: 2/2
   757 | D:2      | Noticed Robin
   767 | D:2      | Reached XP level 3. HP: 21/24 MP: 3/3
   783 | D:2      | Slain by Robin

Illustrated notes

Levels and vault maps discovered:
D:1:      saegor_arrival_simple_d, layout_loops_ring
D:2:      layout_basic, grunt_ministairs_11, uniq_natasha, uniq_robin

Action                     || total
---------------------------++-------
  Melee: Flail             ||    64
 Armour: Scale mail        ||    51
  Dodge: Dodged            ||    27
  Block: Buckler           ||     9
